 Dungeon Crawl Stone Soup version 0.32-a0-132-g2d33c3cfaf (webtiles) character file.

Game seed: 18137724605857570598

174 Essalna the Digger (level 5, 0/28 HPs)
             Began as a Gargoyle Earth Elementalist on Feb 9, 2024.
             Killed from afar by a white imp (5 damage)
             ... with a puff of frost
             ... summoned by Eustachio
             ... on level 4 of the Dungeon.
             The game lasted 00:04:04 (2911 turns).

Essalna the Digger (Gargoyle Earth Elementalist)    Turns: 2911, Time: 00:04:05

Health: 0/28       AC:  9    Str: 12    XL:     5   Next: 54%
Magic:  2/10       EV: 12    Int: 17    God:
Gold:   99         SH:  0    Dex: 16    Spells: 6/10 levels left

rFire   . . .        t - +0 mace (heavy)
rCold   . . .        (no shield)
rNeg    + . .        a - +0 robe
rPois   ∞            u - +2 helmet
rElec   +            (no cloak)
rCorr   .            (no gloves)
SInv    .            (no boots)
Will    .....        (no amulet)
Stlth   ++           j - ring of wizardry
HPRegen 0.24/turn    s - +6 ring of dexterity
MPRegen 0.12/turn

%: wizardry (x1)
@: very slightly contaminated
A: sickness immunity, AC +4, negative energy resistance 1, electricity
resistance, torment resistance 1, petrification resistance
a: no special abilities


You were on level 4 of the Dungeon.
You visited 1 branch of the dungeon, and saw 4 of its levels.

You collected 99 gold pieces.

Inventory:

Hand Weapons
 d - a +0 quarterstaff
 t - a +0 heavy mace (weapon)
Armour
 a - a +0 robe (worn)
 u - a +2 helmet (worn)
Jewellery
 j - a ring of wizardry (left hand)
 s - a +6 ring of dexterity (right hand)
 v - a ring of see invisible
Wands
 m - a wand of iceblast (12)
Scrolls
 e - a scroll of brand weapon {unknown}
 f - 2 scrolls of identify {unknown}
 l - a scroll of enchant weapon {unknown}
 n - 2 scrolls of vulnerability {unknown}
 o - a scroll of teleportation {unknown}
 q - a scroll of immolation {unknown}
 r - a scroll of poison {unknown}
Potions
 b - a potion of magic
 c - a potion of invisibility {unknown}
 g - 2 potions of resistance {unknown}
 h - 3 potions of ambrosia {unknown}
 i - 7 potions of curing {unknown}
 k - a potion of degeneration {unknown}
 p - a potion of haste {unknown}


   Skills:
 - Level 1.5 Dodging
 - Level 2.1 Stealth
 + Level 3.4 Spellcasting
 + Level 3.2 Conjurations
 + Level 5.1 Earth Magic


You had 6 spell levels left.
You knew the following spells:

 Your Spells              Type           Power      Damage    Failure   Level
a - Sandblast             Erth           40%        2d10      1%          1
b - Stone Arrow           Conj/Erth      34%        3d9       3%          3

Your spell library contained the following spells:

 Spells                   Type           Power      Damage    Failure   Level
 Passwall                 Erth           20%        N/A       2%          3
 Kiss of Death            Conj/Necr      32%        2d7       3%          1
 Ensorcelled Hibernation  Hex/Ice        4%         N/A       11%         2
 Brom's Barrelling Bould  Conj/Erth      17%        2d4       12%         4
 Confusing Touch          Hex            2%         N/A       21%         3
 Fugue of the Fallen      Necr           2%         N/A       21%         3
 Petrify                  Alch/Erth      11%        N/A       22%         4
 Anguish                  Hex/Necr       1%         N/A       52%         4
 Dispel Undead            Necr           2%         3d7       52%         4


Dungeon Overview and Level Annotations

Branches:
Dungeon (4/15)
 Temple: D:4-7

Altars:
Ru

Annotations:
D:2 1 runed translucent door, Crazy Yiuf
D:4 Eustachio


Innate Abilities, Weirdness & Mutations

You are immune to sickness and miasma.
Your stone body is resilient. (AC +4)
You are immune to poison.
You resist negative energy. (rN+)
You are resistant to electric shocks. (rElec)
You are resistant to unholy torment.
You are immune to petrification.


Message History

Aim: Eustachio, wielding a +2 falchion of electrocution and wearing a +0 leather armour (moderately wounded, 76% to hit)
You miscast Sandblast.
You are very lightly contaminated with residual magic.
Nothing appears to happen.
Eustachio hits you but does no damage.
The white imp hits you but does no damage.
Casting: Sandblast (safe; 1% risk of failure)
Confirm with . or Enter, or press ? or * to list all spells.
Aiming: Sandblast (safe; 1% risk of failure)
Press: ? - help, Shift-Dir - straight line, f/p - Eustachio
Aim: Eustachio, wielding a +2 falchion of electrocution and wearing a +0 leather armour (moderately wounded, 76% to hit)
The blast of sand hits Eustachio!
Eustachio is heavily wounded.
Eustachio hits you with a +2 falchion of electrocution.
The white imp hits you. The white imp freezes you.
Eustachio hits you with a +2 falchion of electrocution!
* * * LOW HITPOINT WARNING * * *
The white imp hits you but does no damage.
Casting: Sandblast (safe; 1% risk of failure)
Confirm with . or Enter, or press ? or * to list all spells.
Aiming: Sandblast (safe; 1% risk of failure)
Press: ? - help, Shift-Dir - straight line, f/p - Eustachio
Aim: Eustachio, wielding a +2 falchion of electrocution and wearing a +0 leather armour (heavily wounded, 76% to hit)
The blast of sand hits Eustachio.
Eustachio is severely wounded.
Eustachio says, "Summoning is fun!"
Eustachio mumbles some strange words.
Eustachio blinks!
The white imp gestures at you. The puff of frost hits you.
* * * LOW HITPOINT WARNING * * *
Casting: Sandblast (safe; 1% risk of failure)
Confirm with . or Enter, or press ? or * to list all spells.
Aiming: Sandblast (safe; 1% risk of failure)
Press: ? - help, Shift-Dir - straight line, f/p - Eustachio
Aim: Eustachio, wielding a +2 falchion of electrocution and wearing a +0 leather armour (severely wounded, 76% to hit)
The blast of sand hits Eustachio.
Eustachio is severely wounded.
The white imp gestures at you. The puff of frost hits you.
You die...

#+##########
............#
............#
............#
............#
.......5§...#
.....@..@...#
............#
#.......####
#######.# #.#
#.# #.# #.#
#.#


You could see Eustachio and a white imp (summoned).

Vanquished Creatures
  A howler monkey (D:4)
  Robin (D:4)
  3 adders
  A dart slug (D:2)
  A ribbon worm (D:2)
  An orc (D:4)
  5 ball pythons
  4 bats
  3 endoplasms
  3 giant cockroaches
  16 goblins
  12 hobgoblins
  10 jackals
  7 kobolds
  4 quokkas
  6 frilled lizards
  7 rats
85 creatures vanquished.

Notes
Turn   | Place    | Note
-------+----------+-------------------------------------------
     0 | D:1      | Essalna the Gargoyle Earth Elementalist began the quest for
                  | the Orb.
     0 | D:1      | Reached XP level 1. HP: 10/10 MP: 3/3
   169 | D:1      | Reached XP level 2. HP: 12/15 MP: 0/5
   271 | D:1      | Reached skill level 4 in Earth Magic
   596 | D:1      | Reached XP level 3. HP: 19/19 MP: 2/6
   740 | D:1      | Found a faded altar of an unknown god.
  1156 | D:2      | Reached XP level 4. HP: 24/24 MP: 0/8
  1357 | D:2      | Learned a level 3 spell: Stone Arrow
  1830 | D:2      | Found a sacrificial altar of Ru.
  1975 | D:2      | Found a runed translucent door.
  1976 | D:2      | Noticed Crazy Yiuf
  2451 | D:4      | Reached XP level 5. HP: 28/28 MP: 4/9
  2552 | D:4      | Noticed Robin
  2557 | D:4      | Killed Robin
  2558 | D:4      | Reached skill level 5 in Earth Magic
  2900 | D:4      | Noticed Eustachio
  2911 | D:4      | Killed from afar by a white imp

Illustrated notes

Levels and vault maps discovered:
D:1:      eino_arrival_water_star, layout_basic, chequers_ecumenical_altar_grove
D:2:      layout_basic, basic_altar, minmay_misc_feat_secret_circle,
          minmay_heptomino_w4, uniq_crazy_yiuf_cottage
D:3:      layout_basic
D:4:      layout_basic, uniq_eustachio, uniq_ijyb, uniq_robin

Skill      XL: |  1  2  3  4  5 |
---------------+----------------+-----
Earth Magic    | 4 5 |  5.1
Conjurations   | 2 3 |  3.2
Spellcasting   | 3 |  3.4
Dodging        | |  1.5
Stealth        | |  2.1

Action                     |  1- 3 |  4- 6 || total
---------------------------+-------+-------++-------
  Melee: Quarterstaff      |    22 |    17 ||    39
   Cast: Sandblast         |    49 |    64 ||   113
   Stab: Sleeping          |     1 |       ||     1
 Armour: Robe              |    27 |    22 ||    49
  Dodge: Dodged            |    26 |    23 ||    49

Table legend: (Time is in decaauts)
 A = Elapsed time spent in this place.
 B = Non-inter-level travel time spent in this place.
 C = Inter-level travel time spent in this place.
 D = Time resting spent in this place.
 E = Time spent auto-exploring this place.
 F = Levels seen in this place.
 G = Mean time per level.
                   A        B        C        D        E       F      G
               +--------+--------+--------+--------+--------+-----+--------+
         Total |   2975 |   2878 |     97 |      0 |   2423 |   4 |  743.8 |
       Dungeon |   2975 |   2878 |     97 |      0 |   2423 |   4 |  743.8 |
               +--------+--------+--------+--------+--------+-----+--------+

Top non-repeatable levels by time:
     D:1: 928 daAuts
     D:2: 865 daAuts
     D:3: 684 daAuts
     D:4: 497 daAuts
